 Dungeon Crawl Stone Soup version 0.29.0-13-gc9e81de378 (webtiles) character file.

Game seed: 4021123105289593581

2496 sanka the Cleaver (level 9, -5/108 HPs)
             Began as a Minotaur Berserker on Sept 7, 2022.
             Was a Priest of Trog.
             Slain by an orc warrior
             ... wielding a +0 long sword
              (12 damage)
             ... on level 7 of the Dungeon.
             The game lasted 00:07:28 (7796 turns).

sanka the Cleaver (Minotaur Berserker)              Turns: 7796, Time: 00:07:29

Health: -5/108     AC:  9    Str: 24    XL:     9   Next: 28%
Magic:  8/8        EV: 11    Int:  4    God:    Trog [***...]
Gold:   104        SH:  0    Dex: 12    Spells: 8/8 levels left

rFire   . . .      SeeInvis .   a - +0 war axe
rCold   + . .      Faith    .   (no shield)
rNeg    . . .      Spirit   .   u - +0 scale mail {rC+}
rPois   .          Reflect  .   (helmet restricted)
rElec   .          Harm     .   e - +0 cloak
rCorr   .          Rampage  .   (no gloves)
Will    .....                   p - +0 pair of boots
Stlth   ..........              (no amulet)
HPRegen 0.28/turn               (no ring)
MPRegen 0.11/turn               (no ring)

@: berserking, studying Long Blades, very quick
A: horns 2, retaliatory headbutt
a: Renounce Religion, Berserk, Trog's Hand


You were on level 7 of the Dungeon.
You worshipped Trog.
Trog was most pleased with you.
You visited 1 branch of the dungeon, and saw 9 of its levels.

You collected 254 gold pieces.
You spent 150 gold pieces at shops.


Innate Abilities, Weirdness & Mutations

You have a pair of horns on your head.
You reflexively headbutt those who attack you in melee.


   Skills:
 + Level 4.5 Fighting
 * Level 14.4 Axes
 + Level 3.6 Armour
 + Level 3.3 Dodging


You had 8 spell levels left.
You didn't know any spells.
Your spell library was empty.

Inventory:

Hand Weapons
 a - a +0 war axe (weapon)
Missiles
 b - 2 javelins (quivered)
Armour
 e - a +0 cloak (worn)
 p - a +0 pair of boots (worn)
 u - a +0 scale mail of cold resistance (worn)
Wands
 m - a wand of light (23)
Scrolls
 c - 2 scrolls of enchant weapon
 d - 3 scrolls of vulnerability {!r}
 l - 2 scrolls of blinking
 o - 2 scrolls of acquirement {unknown}
 q - 2 scrolls of magic mapping
 s - 2 scrolls of enchant armour
 v - a scroll of noise {unknown}
 w - 4 scrolls of teleportation {@r4}
 x - a scroll of poison {!r}
 y - a scroll of fear {unknown}
 C - a scroll of immolation {unknown}
Potions
 f - a potion of haste {unknown}
 g - 6 potions of curing {unknown}
 h - a potion of brilliance {unknown}
 i - 4 potions of heal wounds {@q2}
 j - 4 potions of might {unknown}
 k - a potion of lignification {unknown}
 n - 4 potions of flight {unknown}
 r - a potion of attraction {unknown}
 t - 5 potions of resistance {unknown}
 z - 2 potions of degeneration {unknown}
 A - a potion of cancellation {unknown}
 B - a potion of invisibility {unknown}

Dungeon Overview and Level Annotations

Branches:
Dungeon (9/15)             Temple (0/1) D:6            Lair (0/5) D:8
    Orc: D:9-12

Altars:
Cheibriados
Makhleb
Trog
Uskayaw
Wu Jian

Shops:
D:4 ?

Annotations:
D:5 1 runed translucent door, Flugkiller's ghost, novice MiFi
D:6 3 runed translucent doors, muxecoid's ghost, novice OpHu; night's ghost, novice DgCj

.▒ ▒...............▒ .▒
▒...............▒ ▒▒▒
▒...............▒▒▒ ..▒
▒.................. ..▒
▒..............▒.▒. ..▒
▒>.................
.▒▒▒▒▒▒..............▒.▒.
.▒.......................
.'..............H....▒.▒.
.▒.............og........
.▒.......................
.▒....................▒▒▒
.▒....................▒
▒▒....................▒
▒....................▒
▒<...................▒
▒....................▒


You could see an orc warrior and a gnoll sergeant.


Message History

* * * LOW HITPOINT WARNING * * *
The orc warrior barely misses you.
You closely miss the orc warrior. Your headbutt misses the orc warrior.
The orc warrior is heavily wounded.
You closely miss the gnoll sergeant.
The gnoll sergeant hits you with a +0 trident.
* * * LOW HITPOINT WARNING * * *
The orc warrior hits you with a +0 long sword!
* * * LOW HITPOINT WARNING * * *
Use which ability? (? or * to list)
A red film seems to cover your vision as you go berserk!
You feel yourself moving faster!
You feel mighty!
The gnoll sergeant hits you with a +0 trident.
* * * LOW HITPOINT WARNING * * *
The orc warrior hits you with a +0 long sword!
* * * LOW HITPOINT WARNING * * *
You barely miss the orc warrior.
The orc warrior is heavily wounded.
You slash the gnoll sergeant!
Unknown command.
The orc warrior blocks your attack.
Your headbutt misses the orc warrior.
The orc warrior is heavily wounded.
You hit the gnoll sergeant.
The gnoll sergeant hits you with a +0 trident!
* * * LOW HITPOINT WARNING * * *
The orc warrior hits you with a +0 long sword!
You die...

Action                   |  1- 3 |  4- 6 |  7- 9 || total
-------------------------+-------+-------+-------++-------
Melee: Hand axe          |    61 |   141 |   149 ||   351
       Headbutt          |     7 |    26 |    31 ||    64
       Punch             |     2 |       |     4 ||     6
       War axe           |       |       |    67 ||    67
Invok: Berserk           |     1 |     2 |     2 ||     5
  Use: Potion            |       |     1 |       ||     1
       Scroll            |       |     5 |       ||     5
 Stab: Sleeping          |     2 |     1 |       ||     3
Armor: Animal skin       |     8 |     2 |       ||    10
       Scale mail        |       |    40 |    64 ||   104
Dodge: Dodged            |    28 |    58 |    71 ||   157

Levels and vault maps discovered:
D:1:      wander_arrival_lonely_grave, layout_rooms, serial_curves,
          eino_curves_01, eino_curves_02, eino_curves_01, eino_curves_02,
          hex_tiny
D:2:      layout_loops_ring, uniq_natasha, uniq_jessica, uniq_terence
D:3:      layout_basic, mainiacjoe_overflow_surrounded_room,
          lightli_temple_of_fire
D:4:      layout_cave_pools, serial_shops, shop_fountains
D:5:      layout_rooms, kennysheep_mini, mainiacjoe_overflow_big_doors,
          ebering_ghost_reflecting_pool
D:6:      layout_basic, minmay_temple_entry_glass, gammafunk_ghost_cemetery,
          minmay_manual_moon
D:7:      layout_gridville, mainiacjoe_overflow_concentric_impassable,
          mainiacjoe_overflow_24_doors, serial_glass, glass_columns_b,
          glass_columns_a, glass_columns_b, glass_columns_b, sword_in_stone
D:8:      layout_gridville, dpeg_oklobed_lair, serial_shops,
          nicolae_inconvenience_store, uniq_grum
D:9:      layout_roguey, minmay_misc_feat_secret_circle, uniq_maggie

Notes
Turn   | Place    | Note
-------+----------+-------------------------------------------
     0 | D:1      | sanka the Minotaur Berserker began the quest for the Orb.
     0 | D:1      | Reached XP level 1. HP: 19/19 MP: 0/0
   253 | D:1      | Reached skill level 4 in Axes
   513 | D:1      | Reached XP level 2. HP: 25/26 MP: 1/1
  1231 | D:2      | Reached skill level 5 in Axes
  1268 | D:2      | Reached XP level 3. HP: 14/31 MP: 2/2
  1450 | D:2      | Noticed Terence
  1461 | D:2      | Killed Terence
  1593 | D:2      | Noticed Natasha
  1600 | D:2      | Killed Natasha
  1601 | D:2      | Reached skill level 6 in Axes
  1601 | D:2      | Reached XP level 4. HP: 38/39 MP: 3/3
  1684 | D:2      | Noticed Natasha
  1694 | D:2      | Killed Natasha
  1706 | D:2      | Noticed Natasha
  1711 | D:2      | HP: 2/39 [Natasha/magic dart (7)]
  1718 | D:2      | Killed Natasha
  1833 | D:2      | Noticed Jessica
  1845 | D:2      | Reached skill level 7 in Axes
  1845 | D:2      | Reached XP level 5. HP: 30/45 MP: 4/4
  1862 | D:2      | Killed Jessica
  1862 | D:2      | Reached ** piety under Trog
  3049 | D:3      | Found an ornate altar of the Wu Jian Council.
  3536 | D:3      | Found a burning altar of Makhleb.
  3714 | D:4      | Noticed a phantom
  3730 | D:4      | Killed a phantom
  3731 | D:4      | Reached skill level 8 in Axes
  3731 | D:4      | Reached XP level 6. HP: 35/51 MP: 5/5
  3978 | D:4      | Reached skill level 9 in Axes
  4178 | D:4      | Found Ereh's Magic Scroll Shop.
  4188 | D:4      | Bought a scroll of identify for 20 gold pieces
  4188 | D:4      | Bought a scroll of teleportation for 30 gold pieces
  4188 | D:4      | Bought a scroll of poison for 40 gold pieces
  4190 | D:4      | Bought a scroll of identify for 20 gold pieces
  4190 | D:4      | Bought a scroll of identify for 20 gold pieces
  4190 | D:4      | Bought a scroll of identify for 20 gold pieces
  4306 | D:5      | Entered Level 5 of the Dungeon
  4389 | D:5      | Found a hide-covered altar of Uskayaw.
  4397 | D:5      | Found a bloodstained altar of Trog.
  4463 | D:5      | Reached XP level 7. HP: 28/57 MP: 6/6
  4700 | D:5      | Reached skill level 10 in Axes
  4768 | D:5      | Found a runed translucent door.
  5152 | D:5      | Found a snail-covered altar of Cheibriados.
  5287 | D:5      | Noticed Flugkiller's ghost (novice MiFi)
  5347 | D:6      | Reached *** piety under Trog
  5353 | D:6      | Reached skill level 11 in Axes
  5382 | D:6      | Found a staircase to the Ecumenical Temple.
  5467 | D:6      | Reached XP level 8. HP: 49/64 MP: 7/7
  5898 | D:6      | Noticed a manticore
  5948 | D:6      | Reached skill level 12 in Axes
  5965 | D:6      | Killed a manticore
  5966 | D:6      | Reached skill level 13 in Axes
  6383 | D:6      | Reached skill level 14 in Axes
  6759 | D:9      | Reached XP level 9. HP: 62/71 MP: 8/8
  6954 | D:8      | Found a staircase to the Lair.
  6992 | D:8      | Reached skill level 4 in Fighting
  6992 | D:8      | Reached skill level 3 in Armour
  7255 | D:8      | Reached skill level 3 in Dodging
  7459 | D:6      | Found a runed translucent gate.
  7459 | D:6      | Found a runed translucent gate.
  7460 | D:6      | Found a runed translucent gate.
  7461 | D:6      | Noticed night's ghost (novice DgCj)
  7461 | D:6      | Noticed muxecoid's ghost (novice OpHu)
  7796 | D:7      | HP: 7/108 [gnoll sergeant/+0 trident (8)]
  7796 | D:7      | Slain by an orc warrior

Vanquished Creatures
  A manticore (D:6)
  A hornet (D:8)
  2 ice beasts (D:6)
  2 sky beasts
  An ogre (D:6)
  3 phantoms
  A necrophage (D:5)
  A bullfrog (D:7)
  4 scorpions
  A wight (D:7)
  2 howler monkeys (D:7)
  6 hounds
  A gnoll bouda (D:6)
  A jelly (D:6)
  Jessica (D:2)
  4 iguanas
  Terence (D:2)
  Natasha (thrice) (D:2)
  2 orc wizards
  4 gnolls (D:6)
  6 adders
  A shadow imp (D:5)
  3 white imps
  4 worms
  3 dart slugs
  21 orcs
  7 bats
  6 endoplasms
  2 giant cockroaches
  4 goblins
  8 hobgoblins
  A quokka (D:1)
  5 ball pythons
  4 frilled lizards
  6 kobolds
  3 rats (D:1)
126 creatures vanquished.
